 Dungeon Crawl Stone Soup version 0.25.1-2-g60ff931df9 (webtiles) character file.

Game seed: 17192352861637777243

78 Delamore the Cudgeler (level 4, -4/28 HPs)
             Began as a Gargoyle Fighter on Aug 3, 2020.
             Killed from afar by Sigmund (10 damage)
             ... with a puff of flame
             ... on level 2 of the Dungeon.
             The game lasted 00:01:21 (1700 turns).

Delamore the Cudgeler (Gargoyle Fighter)            Turns: 1700, Time: 00:01:21

Health: -4/28      AC: 10    Str: 20    XL:     4   Next: 36%
Magic:  4/4        EV:  7    Int:  9    God:
Gold:   154        SH:  9    Dex:  9    Spells: 3/3 levels left

rFire    . . .     SeeInvis .   a - +0 flail
rCold    . . .     Gourm    .   c - +0 kite shield
rNeg     + . .     Faith    .   b - +0 scale mail
rPois    ∞         Spirit   .   (no helmet)
rElec    +         Reflect  .   (no cloak)
rCorr    .         Harm     .   (no gloves)
MR       .....                  (no boots)
Stlth    ..........             (no amulet)
HPRegen  0.09/turn              (no ring)
MPRegen  0.09/turn              (no ring)

@: no status effects
A: negative energy resistance 1, electricity resistance, unbreathing,
petrification resistance, rot immunity, AC +3
a: no special abilities


You were on level 2 of the Dungeon.
You were not hungry.

You visited 1 branch of the dungeon, and saw 2 of its levels.

You collected 154 gold pieces.

Inventory:

Hand Weapons
 a - a +0 flail (weapon)
Armour
 b - a +0 scale mail (worn)
 c - a +0 kite shield (worn)
Jewellery
 s - an uncursed ring of resist corrosion {unknown}
Scrolls
 g - a scroll of magic mapping {unknown}
 j - a scroll of remove curse {unknown}
 k - a scroll of enchant weapon {unknown}
 l - 2 scrolls of amnesia {unknown}
 n - 3 scrolls of enchant armour {unknown}
 p - a scroll of teleportation {unknown}
 q - a scroll of fear {unknown}
 r - 2 scrolls of identify {unknown}
Potions
 d - a potion of might
 e - 2 potions of curing {unknown}
 h - a potion of degeneration {unknown}
 i - a potion of ambrosia {unknown}
 m - 2 potions of invisibility {unknown}
 o - 2 potions of magic {unknown}
 v - a potion of lignification {unknown}
 w - a potion of brilliance {unknown}
Comestibles
 f - 5 rations
 u - 7 chunks of flesh


   Skills:
 - Level 3.2 Fighting
 + Level 4.5 Maces & Flails
 - Level 3.2 Armour
 - Level 3.2 Shields


You had 3 spell levels left.
You didn't know any spells.
Your spell library was empty.

Dungeon Overview and Level Annotations

Branches:
Dungeon (2/15)

Altars:
Wu Jian

Annotations:
D:2 Sigmund


Innate Abilities, Weirdness & Mutations

You are resistant to torment.
Your stone body is resilient. (AC +3)
You are immune to poison.
You resist negative energy. (rN+)
You are resistant to electric shocks. (rElec)
You can survive without breathing.
You are immune to petrification.
You are immune to rotting.


Message History

You throw a poisoned dart.
Sigmund hits you from afar with a +0 scythe.
You bump into the rock wall.
You bump into the rock wall.
You feel less confused. You block Sigmund's attack.
Sigmund points at you and mumbles some strange words.
The puff of flame hits you!
You barely miss Sigmund.
Sigmund is lightly wounded.
Sigmund hits you with a +0 scythe.
* * * LOW HITPOINT WARNING * * *
You thump Sigmund!
Sigmund is moderately wounded.
Sigmund hits you but does no damage.
You sock Sigmund!
Sigmund is severely wounded.
Sigmund points at you and mumbles some strange words.
The puff of flame hits you!
You die...

#.....# #.###.# #.# #.#
###.###.#####<##
................
###(###.#####.##
##......# #....(###
##..@## ##@## #.# .#
#(# .# ##÷## ## .#
##...## #...# ##.....##
##.#.# #.......# ##>...
#....(....####....#####


You could see Sigmund.

Vanquished Creatures
  2 adders (D:2)
  3 worms (D:2)
  2 dart slugs (D:1)
  3 leopard geckos
  A giant cockroach (D:2)
  7 goblins
  8 hobgoblins
  A ball python (D:2)
  4 bats
  A frilled lizard (D:1)
  7 kobolds
  3 rats
42 creatures vanquished.

Notes
Turn   | Place    | Note
-------+----------+-------------------------------------------
     0 | D:1      | Delamore the Gargoyle Fighter began the quest for the Orb.
     0 | D:1      | Reached XP level 1. HP: 14/14 MP: 1/1
    79 | D:1      | Reached XP level 2. HP: 16/19 MP: 2/2
   210 | D:1      | Reached skill level 3 in Maces & Flails
   520 | D:1      | Reached XP level 3. HP: 23/23 MP: 3/3
  1116 | D:2      | Reached skill level 4 in Maces & Flails
  1207 | D:2      | Found an ornate altar of the Wu Jian Council.
  1213 | D:2      | Reached XP level 4. HP: 28/28 MP: 4/4
  1674 | D:2      | Noticed Sigmund
  1700 | D:2      | Killed from afar by Sigmund

Illustrated notes

Levels and vault maps discovered:
D:1:      dpeg_arrival_line_fractal, layout_basic, minmay_bisected
D:2:      layout_loops_corners, old_standard_altar, first_ration, uniq_sigmund

Skill      XL: |  1  2  3 |
---------------+----------+-----
Maces & Flails | 3 4 |  4.5
Fighting       | |  3.2
Armour         | |  3.2
Shields        | |  3.2

Action                   |  1- 3 |  4- 6 || total
-------------------------+-------+-------++-------
Melee: Flail             |   114 |    66 ||   180
Throw: Dart              |       |     9 ||     9
  Eat: Chunk             |     1 |     2 ||     3
Armor: Scale mail        |    61 |    31 ||    92
Dodge: Dodged            |    29 |    17 ||    46
Block: Kite shield       |    62 |    28 ||    90
